 Dungeon Crawl Stone Soup version 0.31-a0-1072-g202bf7ea07 (webtiles) character file.

Game seed: 11116818038703394370

17 Farnirdx the Trooper (level 2, 0/27 HPs)
             Began as a Minotaur Fighter on Nov 26, 2023.
             Succumbed to an adder's poison
             ... on level 2 of the Dungeon.
             The game lasted 00:02:13 (816 turns).

Farnirdx the Trooper (Minotaur Fighter)              Turns: 816, Time: 00:02:13

Health: 0/27       AC:  7    Str: 19 (20) XL:     2   Next: 44%
Magic:  1/1        EV:  6    Int:  3 (5)  God:
Gold:   4          SH:  4    Dex:  7 (9)  Spells: 1/1 levels left

rFire   . . .        a - +0 war axe
rCold   . . .        c - +0 buckler
rNeg    . . .        b - +0 scale mail
rPois   .            (helmet restricted)
rElec   .            (no cloak)
rCorr   .            (no gloves)
SInv    .            (no boots)
Will    +....        (no amulet) Stlth
                     h - ring of willpower
HPRegen 0.24/turn    (no ring)
MPRegen 0.07/turn

%: no passive effects
@: brilliant, lethally poisoned (0 -> -5), constricted
A: horns 2, retaliatory headbutt
a: no special abilities


You were on level 2 of the Dungeon.
You visited 1 branch of the dungeon, and saw 2 of its levels.

You collected 46 gold pieces.
You spent 42 gold pieces at shops.

Inventory:

Hand Weapons
 a - a +0 war axe (weapon)
Armour
 b - a +0 scale mail (worn)
 c - a +0 buckler (worn)
Jewellery
 h - a ring of willpower (left hand)
Scrolls
 e - 2 scrolls of immolation
 g - 2 scrolls of identify {unknown}
 j - a scroll of teleportation
Potions
 d - a potion of might
 f - a potion of brilliance


   Skills:
 + Level 3.9 Fighting
 + Level 2.7 Axes
 + Level 3.8 Armour
 + Level 0.8 Dodging
 + Level 3.8 Shields


You had one spell level left.
You didn't know any spells.
Your spell library was empty.

Dungeon Overview and Level Annotations

Branches:
Dungeon (2/15)

Altars:

Shops:
D:1 *


Innate Abilities, Weirdness & Mutations

You have a pair of horns on your head.
You reflexively headbutt those who attack you in melee.


Message History

You are too injured to fight recklessly!
Unknown command.
You are too injured to fight recklessly!
Unknown command.
Unknown command.
You closely miss the adder. You headbutt the adder.
The adder is moderately wounded.
You closely miss the adder. You closely miss the ball python.
You feel sick.
A bat comes into view.
The adder bites you but does no damage. x2
The ball python bites you but does no damage.
The ball python constricts you. The adder bites you but does no damage.
The adder bites you.
* * * LOW HITPOINT WARNING * * *
You are lethally poisoned!
The adder poisons you!
The bat moves out of view.
It was a potion of brilliance.
You feel clever all of a sudden.
* * * LOW HITPOINT WARNING * * *
You feel very sick. The ball python barely misses you. You furiously retaliate!
You headbutt the ball python, but do no damage.
The ball python constricts you. The adder bites you but does no damage.
The hobgoblin hits you but does no damage.
The adder closely misses you. The adder bites you but does no damage.
The ball python bites you.
* * * LOW HITPOINT WARNING * * *
The ball python constricts you.
It was a potion of degeneration.
There was something very wrong with that liquid.
You feel weakened.
You feel dopey.
You feel clumsy.
* * * LOW HITPOINT WARNING * * *
You feel sick. The adder bites you but does no damage.
The hobgoblin closely misses you. You block the adder's attack.
The ball python bites you but does no damage.
The ball python constricts you.
As you read the scroll labelled IJATSU RERO, it crumbles to dust.
The creatures around you are filled with an inner flame!
It was a scroll of immolation.
You die...

!#.#.#..##...
...........#
#..........# .
..........#
..###..[......#
.........)....#
....?..S......#
.......@.......
..>...gSS....>.
.<............#
.........####..
.........# #
.........#
..........
##.....###


You could see 2 adders, a hobgoblin (inner flame) and a ball python (inner
flame).

Vanquished Creatures
  2 dart slugs (D:1)
  3 ball pythons
  2 bats (D:1)
  An endoplasm (D:1)
  A goblin (D:1)
  A kobold (D:1)
  A frilled lizard (D:1)
  2 rats (D:1)
13 creatures vanquished.

Notes
Turn   | Place    | Note
-------+----------+-------------------------------------------
     0 | D:1      | Farnirdx the Minotaur Fighter began the quest for the Orb.
     0 | D:1      | Reached XP level 1. HP: 19/19 MP: 0/0
   123 | D:1      | Reached XP level 2. HP: 27/27 MP: 1/1
   237 | D:1      | Found Voniqien's General Store.
   739 | D:1      | Bought a scroll of teleportation for 42 gold pieces
   815 | D:2      | HP: 1/27 [poisoned by an adder]
   816 | D:2      | Succumbed to an adder's poison

Illustrated notes

Levels and vault maps discovered:
D:1:      minmay_arrival_nine_rooms, layout_loops_cross, serial_shops,
          nicolae_shop_stone, minivault_23, bh_walls_and_bars
D:2:      layout_rooms, serial_glass, glass_columns_c, glass_columns_a

Action                     || total
---------------------------++-------
  Melee: War axe           ||    30
         Headbutt          ||     3
    Use: Potion            ||     2
         Scroll            ||     1
 Armour: Scale mail        ||    50
  Dodge: Dodged            ||    22
  Block: Buckler           ||    10

Table legend: (Time is in decaauts)
 A = Elapsed time spent in this place.
 B = Non-inter-level travel time spent in this place.
 C = Inter-level travel time spent in this place.
 D = Time resting spent in this place.
 E = Time spent auto-exploring this place.
 F = Levels seen in this place.
 G = Mean time per level.
                   A        B        C        D        E       F      G
               +--------+--------+--------+--------+--------+-----+--------+
         Total |    827 |    686 |    141 |      0 |    599 |   2 |  413.5 |
       Dungeon |    827 |    686 |    141 |      0 |    599 |   2 |  413.5 |
               +--------+--------+--------+--------+--------+-----+--------+

Top non-repeatable levels by time:
     D:1: 812 daAuts
     D:2: 15 daAuts
